TOP OF THE 1ST |
---|
Bishop Verot HS batting - Pitching for Fort Worth HS Turkeys : RHP Rubén Ocampo | Pitching: RHP Rubén Ocampo | | Batting: RHB Rafael Sánchez | 0-0: Called Strike 0-1: Swinging Strike 0-2: Ball 1-2: Strikes out swinging | Batting: RHB Ken O'Quinn | 0-0: Ball 1-0: Ball 2-0: Ground out 5-3 (Groundball, 56S) | Batting: RHB Martin Davis | 0-0: Ball 1-0: SINGLE (Line Drive, 9LS) | Batting: RHB Mike Harris | 0-0: Ball Martin Davis steals 2nd base 1-0: Swinging Strike 1-1: Called Strike 1-2: Strikes out looking | Top of the 1st over - 0 runs, 1 hit, 0 errors, 1 left on base; Bishop Verot HS 0 - Fort Worth HS 0 | BOTTOM OF THE 1ST |
---|
Fort Worth HS Turkeys batting - Pitching for Bishop Verot HS : LHP Britt Peterson | Pitching: LHP Britt Peterson | | Batting: LHB Fernando García | 0-0: Ball 1-0: Foul Ball, location: 2F 1-1: Ball 2-1: Called Strike 2-2: Ball 3-2: Foul Ball, location: 2F 3-2: Ground out U3 (Groundball, 3) | Batting: RHB Terry McRa | 0-0: Called Strike 0-1: Called Strike 0-2: Ball 1-2: Ball 2-2: Ball 3-2: Base on Balls | Batting: LHB Mike Richardson | Pickoff Throw to First - Out! 0-0: Called Strike 0-1: Ball 1-1: Ground out 1-3 (Groundball, 15S) | Bottom of the 1st over - 0 runs, 0 hits, 0 errors, 0 left on base; Bishop Verot HS 0 - Fort Worth HS 0 | TOP OF THE 2ND |
---|
Bishop Verot HS batting - Pitching for Fort Worth HS Turkeys : RHP Rubén Ocampo | Batting: LHB Mario Rodríguez | 0-0: Called Strike 0-1: Foul Ball, location: 2F 0-2: Ball 1-2: Foul Ball, location: 2F 1-2: Ball 2-2: Strikes out looking | Batting: SHB Paul Johnson | 0-0: Foul Ball, location: 2F 0-1: Ball 1-1: Ball 2-1: Ground out 5-3 (Groundball, 56) | Batting: LHB Fred Peters | 0-0: SINGLE (Flyball, 56D) | Batting: RHB Adam Trujillo | 0-0: Ball 1-0: Ball 2-0: Called Strike 2-1: Ball 3-1: Base on Balls Fred Peters to second | Batting: RHB José Mejía | 0-0: Ball 1-0: Ball 2-0: Called Strike 2-1: Swinging Strike 2-2: Foul Ball, location: 2F 2-2: Reached on error, E4 (Groundball, 4) Fred Peters to third Adam Trujillo to second | Batting: RHB Rafael Sánchez | 0-0: Ball 1-0: Ball 2-0: Called Strike 2-1: Foul Ball, location: 2F 2-2: Ball 3-2: Strikes out swinging | Top of the 2nd over - 0 runs, 1 hit, 1 error, 3 left on base; Bishop Verot HS 0 - Fort Worth HS 0 | BOTTOM OF THE 2ND |
---|
Fort Worth HS Turkeys batting - Pitching for Bishop Verot HS : LHP Britt Peterson | Batting: RHB Tristan Vincent | 0-0: Ball 1-0: SINGLE (Line Drive, 9S) | Batting: LHB Francisco Madraso | 0-0: Ball 1-0: Ball 2-0: Called Strike 2-1: Ball 3-1: Base on Balls Tristan Vincent to second | Batting: RHB Bill Ménard | 0-0: Called Strike 0-1: Ball 1-1: SINGLE (Groundball, 6D) Tristan Vincent to third Francisco Madraso to second | Batting: RHB Denny Dennis | 0-0: Called Strike 0-1: Ball 1-1: Foul Ball, location: 2F 1-2: Strikes out swinging | Batting: RHB Cameron Harris | 0-0: Ball 1-0: Ball 2-0: Ball 3-0: Called Strike 3-1: Foul Ball, location: 2F 3-2: Base on Balls Tristan Vincent scores Francisco Madraso to third Bill Ménard to second | Batting: RHB Mike Casey | 0-0: Foul Ball, location: 2F 0-1: GRAND SLAM HOME RUN (Flyball, 7LD), Distance : 324 ft | Batting: LHB Fernando García | 0-0: Foul Ball, location: 2F 0-1: Ball 1-1: Ball 2-1: Called Strike 2-2: SINGLE (Groundball, 3L) (infield hit) | Batting: RHB Terry McRa | 0-0: Ball 1-0: Called Strike Fernando García steals 2nd base 1-1: Called Strike 1-2: Ball Wild Pitch! Fernando García to third 2-2: Ball 3-2: Base on Balls | Batting: LHB Mike Richardson | 0-0: Ball 1-0: Foul Ball, location: 2F 1-1: Swinging Strike 1-2: Ball 2-2: Strikes out looking | Batting: RHB Tristan Vincent | 0-0: Foul Ball, location: 2F 0-1: Ball 1-1: Ball 2-1: Ground out 4-3 (Groundball, 4) | Bottom of the 2nd over - 5 runs, 4 hits, 0 errors, 2 left on base; Bishop Verot HS 0 - Fort Worth HS 5 | TOP OF THE 3RD |
---|
Bishop Verot HS batting - Pitching for Fort Worth HS Turkeys : RHP Rubén Ocampo | Batting: RHB Ken O'Quinn | 0-0: Foul Ball, location: 2F 0-1: Foul Ball, location: 2F 0-2: Ball 1-2: Strikes out looking | Batting: RHB Martin Davis | 0-0: Ball 1-0: Ball 2-0: Called Strike 2-1: Foul Ball, location: 2F 2-2: Foul Ball, location: 2F 2-2: Ground out U3 (Groundball, 34) | Batting: RHB Mike Harris | 0-0: Swinging Strike 0-1: Called Strike 0-2: Foul Ball, location: 2F 0-2: Strikes out looking | Top of the 3rd over - 0 runs, 0 hits, 0 errors, 0 left on base; Bishop Verot HS 0 - Fort Worth HS 5 | BOTTOM OF THE 3RD |
---|
Fort Worth HS Turkeys batting - Pitching for Bishop Verot HS : LHP Britt Peterson | Batting: LHB Francisco Madraso | 0-0: Foul Ball, location: 2F 0-1: Foul Ball, location: 2F 0-2: Ball 1-2: SINGLE (Groundball, 4S) (infield hit) | Batting: RHB Bill Ménard | 0-0: Foul Ball, location: 2F 0-1: Ball 1-1: Ball 2-1: Ball 3-1: Base on Balls Francisco Madraso to second | Batting: RHB Denny Dennis | 0-0: Foul Ball, location: 2F 0-1: SINGLE (Groundball, 4MD) Francisco Madraso to third Bill Ménard to second Runner from 3rd tries for Home, throw and OUT! | Batting: RHB Cameron Harris | 0-0: Ball 1-0: Ball 2-0: Called Strike 2-1: Called Strike 2-2: Grounds into double play, 6-4-3 (Groundball, 6) | Bottom of the 3rd over - 0 runs, 2 hits, 0 errors, 1 left on base; Bishop Verot HS 0 - Fort Worth HS 5 | TOP OF THE 4TH |
---|
Bishop Verot HS batting - Pitching for Fort Worth HS Turkeys : RHP Rubén Ocampo | Batting: LHB Mario Rodríguez | 0-0: Ball 1-0: Ground out 6-3 (Groundball, 6) | Batting: SHB Paul Johnson | 0-0: Called Strike 0-1: Ball 1-1: SOLO HOME RUN (Flyball, 89XD), Distance : 361 ft | Batting: LHB Fred Peters | 0-0: Called Strike 0-1: Foul Ball, location: 2F 0-2: Strikes out swinging | Batting: RHB Adam Trujillo | 0-0: Ball 1-0: Ground out 5-3 (Groundball, 5S) | Top of the 4th over - 1 run, 1 hit, 0 errors, 0 left on base; Bishop Verot HS 1 - Fort Worth HS 5 | BOTTOM OF THE 4TH |
---|
Fort Worth HS Turkeys batting - Pitching for Bishop Verot HS : LHP Britt Peterson | Batting: RHB Mike Casey | 0-0: Ball 1-0: Ball 2-0: SINGLE (Line Drive, 56D) | Batting: LHB Fernando García | 0-0: Ball 1-0: Foul Ball, location: 2F 1-1: Called Strike 1-2: Ball 2-2: Foul Ball, location: 2F 2-2: Ball 3-2: Strikes out looking | Pitching: LHP Silas Farr | | Batting: RHB Terry McRa | 0-0: Called Strike 0-1: Called Strike 0-2: Foul Ball, location: 2F 0-2: Strikes out looking | Batting: LHB Mike Richardson | 0-0: Called Strike Pickoff Throw to First - Out! | Bottom of the 4th over - 0 runs, 1 hit, 0 errors, 0 left on base; Bishop Verot HS 1 - Fort Worth HS 5 | TOP OF THE 5TH |
---|
Bishop Verot HS batting - Pitching for Fort Worth HS Turkeys : RHP Rubén Ocampo | Batting: RHB José Mejía | 0-0: Foul Ball, location: 2F 0-1: Ball 1-1: SINGLE (Groundball, 3D) | Batting: RHB Rafael Sánchez | 0-0: Ball 1-0: Called Strike 1-1: Swinging Strike 1-2: Strikes out swinging | Batting: RHB Ken O'Quinn | 0-0: Called Strike 0-1: Ball 1-1: Called Strike 1-2: Foul Ball, location: 2F 1-2: Ball 2-2: Foul Ball, location: 2F 2-2: Strikes out looking | Batting: RHB Martin Davis | 0-0: Ball 1-0: Called Strike José Mejía steals 2nd base 1-1: Ball 2-1: Ball 3-1: Swinging Strike 3-2: Strikes out looking | Top of the 5th over - 0 runs, 1 hit, 0 errors, 1 left on base; Bishop Verot HS 1 - Fort Worth HS 5 | BOTTOM OF THE 5TH |
---|
Fort Worth HS Turkeys batting - Pitching for Bishop Verot HS : LHP Silas Farr | Batting: LHB Mike Richardson | 0-0: Ball 1-0: Ball 2-0: Ball 3-0: Base on Balls | Batting: RHB Tristan Vincent | 0-0: Called Strike 0-1: Grounds into double play, 6-4-3 (Groundball, 56) | Batting: LHB Francisco Madraso | 0-0: Swinging Strike 0-1: Called Strike 0-2: Strikes out swinging | Bottom of the 5th over - 0 runs, 0 hits, 0 errors, 0 left on base; Bishop Verot HS 1 - Fort Worth HS 5 | TOP OF THE 6TH |
---|
Bishop Verot HS batting - Pitching for Fort Worth HS Turkeys : RHP Rubén Ocampo | Pitching: RHP Arnold Faucher | | Batting: RHB Mike Harris | 0-0: Fly out, F7 (Line Drive, 7) | Batting: LHB Mario Rodríguez | 0-0: Ball 1-0: Fly out, F8 (Flyball, 8RD) | Batting: SHB Paul Johnson | 0-0: Called Strike 0-1: Called Strike 0-2: Ball 1-2: Reached on error, E5 (Groundball, 56) | Batting: LHB Fred Peters | 0-0: Swinging Strike 0-1: Ball 1-1: Ball 2-1: Ball 3-1: Foul Ball, location: 2F 3-2: SINGLE (Line Drive, 8RS) Paul Johnson to second Paul Johnson to third | Batting: RHB Adam Trujillo | 0-0: Ball 1-0: Ball 2-0: Swinging Strike 2-1: Swinging Strike 2-2: Ball 3-2: Foul Ball, location: 2F 3-2: Base on Balls Fred Peters to second | Batting: RHB José Mejía | 0-0: Ball 1-0: Called Strike 1-1: Foul Ball, location: 2F 1-2: Ball 2-2: Ball 3-2: Base on Balls Paul Johnson scores Fred Peters to third Adam Trujillo to second | Batting: RHB Rafael Sánchez | 0-0: Ball 1-0: Fly out, F8 (Line Drive, 8RD) | Top of the 6th over - 1 run, 1 hit, 1 error, 3 left on base; Bishop Verot HS 2 - Fort Worth HS 5 | BOTTOM OF THE 6TH |
---|
Fort Worth HS Turkeys batting - Pitching for Bishop Verot HS : LHP Silas Farr | Batting: RHB Bill Ménard | 0-0: Ball 1-0: Called Strike 1-1: Reached on error, E5 (Groundball, 56S) | Batting: RHB Denny Dennis | 0-0: Ball 1-0: Called Strike 1-1: Ball 2-1: Ball 3-1: Base on Balls Bill Ménard to second | Batting: RHB Cameron Harris | 0-0: Ground out 6-3 (Groundball, 6M) Bill Ménard to third Denny Dennis to second | Batting: RHB Mike Casey | 0-0: Ball 1-0: Ball 2-0: Ball 3-0: Base on Balls | Batting: LHB Fernando García | 0-0: Swinging Strike 0-1: Ball 1-1: Ball 2-1: Foul Ball, location: 2F 2-2: Ball 3-2: Strikes out swinging | Batting: RHB Terry McRa | 0-0: Ball 1-0: Ball 2-0: Called Strike 2-1: Ball 3-1: Foul Ball, location: 2F 3-2: Fly out, F7 (Flyball, 78D) | Bottom of the 6th over - 0 runs, 0 hits, 1 error, 3 left on base; Bishop Verot HS 2 - Fort Worth HS 5 | TOP OF THE 7TH |
---|
Bishop Verot HS batting - Pitching for Fort Worth HS Turkeys : RHP Arnold Faucher | Batting: RHB Ken O'Quinn | 0-0: Ball 1-0: Ball 2-0: Foul Ball, location: 2F 2-1: Ground out 1-3 (Groundball, 13S) | Batting: RHB Martin Davis | 0-0: Ball 1-0: Ball 2-0: Foul Ball, location: 2F 2-1: Ball 3-1: SOLO HOME RUN (Flyball, 7LD), Distance : 329 ft | Batting: RHB Mike Harris | 0-0: Ball 1-0: SINGLE (Line Drive, 7LM) | Batting: LHB Mario Rodríguez | 0-0: Called Strike 0-1: Ball 1-1: Called Strike 1-2: SINGLE (Groundball, 4MD) Mike Harris to second Runner from 2nd tries for 3rd, SAFE, throw made to third | Pinch Runner at 3rd Mike MacNamara: | | Batting: SHB Paul Johnson | 0-0: Called Strike 0-1: Called Strike 0-2: Strikes out swinging | Batting: LHB Fred Peters | 0-0: Called Strike 0-1: Ground out 4-3 (Groundball, 4S) | Top of the 7th over - 1 run, 3 hits, 0 errors, 2 left on base; Bishop Verot HS 3 - Fort Worth HS 5 | BOTTOM OF THE 7TH |
---|
Fort Worth HS Turkeys batting - Pitching for Bishop Verot HS : LHP Silas Farr | Now at 3B: Mike MacNamara | | Batting: LHB Mike Richardson | 0-0: Ball 1-0: Called Strike 1-1: Foul Ball, location: 2F 1-2: Fly out, F3 (Line Drive, 3L) | Batting: RHB Tristan Vincent | 0-0: Called Strike 0-1: Foul Ball, location: 2F 0-2: Ball 1-2: Foul Ball, location: 2F 1-2: Ball 2-2: SINGLE (Groundball, 34D) | Batting: LHB Francisco Madraso | 0-0: Ball 1-0: Ball 2-0: Swinging Strike 2-1: Ball 3-1: Base on Balls Tristan Vincent to second | Batting: RHB Bill Ménard | 0-0: Called Strike 0-1: Ball 1-1: Ball 2-1: Ball 3-1: Called Strike 3-2: Foul Ball, location: 2F 3-2: Strikes out swinging | Pitching: RHP Cisco Arrojo | | Batting: RHB Denny Dennis | 0-0: Called Strike 0-1: Foul Ball, location: 2F 0-2: SINGLE (Line Drive, 7LS) Tristan Vincent to third Francisco Madraso to second | Batting: RHB Cameron Harris | 0-0: Ball 1-0: Foul Ball, location: 2F 1-1: Ball 2-1: Swinging Strike 2-2: Foul Ball, location: 2F 2-2: Strikes out swinging | Bottom of the 7th over - 0 runs, 2 hits, 0 errors, 3 left on base; Bishop Verot HS 3 - Fort Worth HS 5 | TOP OF THE 8TH |
---|
Bishop Verot HS batting - Pitching for Fort Worth HS Turkeys : RHP Arnold Faucher | Batting: RHB Adam Trujillo | 0-0: Called Strike 0-1: Ground out 6-3 (Groundball, 6) | Batting: RHB José Mejía | 0-0: Ground out 6-3 (Groundball, 6) | Batting: RHB Rafael Sánchez | 0-0: Foul Ball, location: 2F 0-1: SINGLE (Line Drive, 7S) | Batting: RHB Ken O'Quinn | 0-0: Ball 1-0: Called Strike 1-1: Swinging Strike 1-2: Strikes out swinging | Top of the 8th over - 0 runs, 1 hit, 0 errors, 1 left on base; Bishop Verot HS 3 - Fort Worth HS 5 | BOTTOM OF THE 8TH |
---|
Fort Worth HS Turkeys batting - Pitching for Bishop Verot HS : RHP Cisco Arrojo | Batting: RHB Mike Casey | 0-0: Ground out 4-3 (Groundball, 4) | Pitching: LHP Jon Hudson | | Batting: LHB Fernando García | 0-0: Called Strike 0-1: Swinging Strike 0-2: Foul Ball, location: 2F 0-2: DOUBLE (Line Drive, 89XD) | Pitching: RHP José García | | Batting: RHB Terry McRa | 0-0: Called Strike 0-1: SINGLE (Groundball, 56D) Fernando García to third Runner from 3rd tries for Home, SAFE, no throw | Batting: LHB Mike Richardson | 0-0: Ground out 3-1 (Groundball, 34) Terry McRa to second | Batting: RHB Tristan Vincent | 0-0: Called Strike 0-1: Ground out 6-3 (Groundball, 6) | Bottom of the 8th over - 1 run, 2 hits, 0 errors, 1 left on base; Bishop Verot HS 3 - Fort Worth HS 6 | TOP OF THE 9TH |
---|
Bishop Verot HS batting - Pitching for Fort Worth HS Turkeys : RHP Arnold Faucher | Pitching: RHP Emmett Arbuckle | | Batting: RHB Martin Davis | 0-0: Ball 1-0: Fly out, F8 (Flyball, 8LM) | Batting: LHB Mike MacNamara | 0-0: Swinging Strike 0-1: Ball 1-1: Called Strike 1-2: Ball 2-2: Foul Ball, location: 2F 2-2: Foul Ball, location: 2F 2-2: Strikes out looking | Batting: LHB Mario Rodríguez | 0-0: Ball 1-0: Swinging Strike 1-1: Swinging Strike 1-2: Foul Ball, location: 2F 1-2: Ball 2-2: SINGLE (Groundball, 56D) | Batting: SHB Paul Johnson | 0-0: Foul Ball, location: 2F 0-1: Foul Ball, location: 2F 0-2: Ball 1-2: Strikes out swinging | Top of the 9th over - 0 runs, 1 hit, 0 errors, 1 left on base; Bishop Verot HS 3 - Fort Worth HS 6 | |